 Dungeon Crawl Stone Soup version 0.21-a0-286-g6fcecc0 (webtiles) character file.

89 Lochraine the Stinger (level 4, -4/38 HPs)
             Began as a Naga Venom Mage on Sept 27, 2017.
             Slain by an ogre
             ... wielding a +0 giant spiked club
              (15 damage)
             ... on level 2 of the Dungeon.
             The game lasted 00:05:40 (1287 turns).

Lochraine the Stinger (Naga Venom Mage)             Turns: 1287, Time: 00:05:40

Health: -4/38      AC:  5    Str: 10    XL:     4   Next: 55%
Magic:  4/7        EV:  9    Int: 16    God:
Gold:   105        SH:  0    Dex: 12    Spells: 1/7 levels left

rFire    . . .     SeeInvis +   e - +1 whip (elec)
rCold    . . .     Gourm    .   (no shield)
rNeg     . . .     Faith    .   c - +3 leather armour
rPois    +         Spirit   .   (no helmet)
rElec    .         Reflect  .   (no cloak)
rCorr    .         Harm     .   (no gloves)
MR       .....                  (no barding)
Stlth    ++........             (no amulet)
HPRegen  0.12/turn              (no ring)
MPRegen  0.10/turn              (no ring)

@: very slow
A: see invisible, deformed body, poison resistance, slowness 2, slow metabolism
1, spit poison 1, AC +1
a: Spit Poison


You were on level 2 of the Dungeon.
You were not hungry.

You visited 1 branch of the dungeon, and saw 2 of its levels.

You collected 105 gold pieces.

Inventory:

Hand Weapons
 e - a +1 whip of electrocution (weapon)
   (You found it on level 1 of the Dungeon)
Armour
 a - a +0 robe
 c - a +3 leather armour (worn)
   (You found it on level 1 of the Dungeon)
Scrolls
 f - 3 scrolls of identify {@r1}
 h - a scroll of magic mapping {unknown}
 k - a scroll of fear {unknown}
 m - 2 scrolls of remove curse {unknown}
Potions
 d - a potion of brilliance {unknown}
 g - a potion of ambrosia
 n - a potion of haste {unknown}
Books
 b - a Young Poisoner's Handbook
Comestibles
 i - 4 fruits
 j - 3 royal jellies
 l - 3 chunks of flesh
 q - 2 bread rations


   Skills:
 + Level 1.4 Fighting
 * Level 2.0 Maces & Flails
 - Level 1.5 Dodging
 + Level 4.0 Stealth
 - Level 2.2 Spellcasting
 - Level 1.6 Conjurations
 - Level 4.5 Poison Magic


You had one spell level left.
You knew the following spells:

 Your Spells              Type           Power        Failure   Level  Hunger
a - Sting                 Conj/Pois      ##..         8%          1    #......
b - Poisonous Vapours     Pois/Air       #.....       17%         2    ###....
d - Mephitic Cloud        Conj/Pois/Air  #.......     34%         3    ###....


Dungeon Overview and Level Annotations

Branches:
Dungeon (2/15)

Altars:
Uskayaw


Innate Abilities, Weirdness & Mutations

You cannot wear boots.
Your serpentine skin is tough. (AC +1)
You have supernaturally acute eyesight. (SInv)
Armour fits poorly on your strangely shaped body.
Your system is resistant to poisons. (rPois)
You cover ground very slowly.
You have a slow metabolism.
You can spit poison.


Message History

A worm comes into view.
You closely miss the kobold. The kobold hits you with a whip.
You barely miss the kobold. The kobold hits you with a whip.
You hit the kobold. The kobold hits you but does no damage.
You hit the kobold. Lightning courses through the kobold!
You kill the kobold!
You hit the worm. The worm bites you!
You hit the worm. Lightning courses through the worm!
You kill the worm!
Your Stealth skill increases to level 4!
You see here a worm corpse.
You butcher the worm corpse.
l - 4 chunks of flesh (gained 2)
There is a hide-covered altar of Uskayaw here.
You coil in front of the altar of Uskayaw.
You start resting.
Eating one of 4 chunks of flesh.
You eat one of the 4 chunks of flesh.
j - 3 royal jellies (gained 1)
You now have 105 gold pieces (gained 16).
n - an orange potion An ogre comes into view.
It is wielding a giant spiked club.
The ogre shouts!
The ogre moves out of view.
Aim: an ogre, wielding a giant spiked club The sting misses the ogre.
Aim: an ogre, wielding a giant spiked club The sting hits the ogre.
The ogre appears unharmed.
Aim: an ogre, wielding a giant spiked club The sting hits the ogre.
The ogre is poisoned.
Okay, then.
As you read the scroll labeled LINUICR WEGH, it crumbles to dust.
It is a scroll of identify.
g - a potion of ambrosia You hit the ogre.
Lightning courses through the ogre! The ogre barely misses you.
You closely miss the ogre. You hit the ogre.
The ogre hits you with a giant spiked club!
* * * LOW HITPOINT WARNING * * *
You are too injured to fight recklessly!
You are too injured to fight recklessly!
You barely miss the ogre.
The ogre looks more healthy.
The ogre hits you with a giant spiked club.
* * * LOW HITPOINT WARNING * * *
Here: an ogre, wielding a giant spiked club (almost dead)
An escape hatch in the ceiling.
Unknown command.
You hit the ogre.
The ogre hits you with a giant spiked club!
You die...

##. .# #.. .. #.# .## ##.#
..# #..##### #.... #.#
#......####. #.... #.#
#..._....... #....
####O#####...........
#....
#...@......#####..##.
#.... #....(..)..#(..#.##
.
#.>..####..(.......#(..#.#
# #........(.......#####.#
# #.#..##................#
##.##...............## #
#.##...........###.## #
#.#########..#..##..####
#.# ##.##.# #<....


You could see an ogre.

Vanquished Creatures
  3 adders (D:2)
  2 worms (D:2)
  A dart slug (D:1)
  3 leopard geckos
  5 giant cockroaches
  6 goblins
  5 hobgoblins
  4 jackals (D:1)
  10 bats
  6 kobolds
  4 rats
49 creatures vanquished.

Notes
Turn   | Place    | Note
-------+----------+-------------------------------------------
     0 | D:1      | Lochraine the Naga Venom Mage began the quest for the Orb.
     0 | D:1      | Reached XP level 1. HP: 15/15 MP: 3/3
   232 | D:1      | Reached XP level 2. HP: 19/22 MP: 0/5
   303 | D:1      | Learned a level 2 spell: Poisonous Vapours
   427 | D:1      | Reached XP level 3. HP: 23/30 MP: 6/6
   436 | D:1      | Reached skill level 1 in Maces & Flails
   669 | D:1      | Reached skill level 1 in Fighting
   872 | D:2      | Noticed a dagger
   872 | D:2      | Noticed a hand axe
   945 | D:2      | Learned a level 3 spell: Mephitic Cloud
  1028 | D:2      | Reached XP level 4. HP: 38/38 MP: 2/7
  1213 | D:2      | Found a hide-covered altar of Uskayaw.
  1278 | D:2      | Noticed an ogre
  1287 | D:2      | Slain by an ogre

Vault maps used:
D:1:      roderic_crossed_star
D:2:      dancing_weapons_uskayaw, first_bread, bh_walls_and_bars

Skill      XL: |  1  2  3  4 |
---------------+-------------+-----
Maces & Flails | 1 2 |  2.0
Fighting       | 1 |  1.4
Stealth        | 4 |  4.0
Dodging        | |  1.5
Spellcasting   | |  2.2
Conjurations   | |  1.6
Poison Magic   | |  4.5

Action                   |  1- 3 |  4- 6 || total
-------------------------+-------+-------++-------
Melee: Unarmed           |     8 |       ||     8
       Whip              |    93 |    36 ||   129
 Cast: Sting             |    32 |     3 ||    35
 Abil: Spit Poison       |     6 |       ||     6
  Use: Scroll            |       |     1 ||     1
 Stab: Sleeping          |     2 |     1 ||     3
  Eat: Chunk             |     1 |     1 ||     2
Armor: Leather armour    |    58 |    18 ||    76
Dodge: Dodged            |    65 |    23 ||    88

Table legend:
 A = Spawn XP
 B = Non-spawn XP
 C = Spawn XP percentage of total XP
 D = Spawn monster count
 E = Non-spawn monster count
 F = Spawn count percentage of total count
 G = Total turns spent on level
                    A         B        C        D         E        F      G
               +---------+---------+-------+---------+---------+-------+---------
         Total |       0 |     128 |   0.0 |       0 |      49 |   0.0 |  1287
               +---------+---------+-------+---------+---------+-------+---------
           D:1 |       0 |      57 |   0.0 |       0 |      29 |   0.0 |   872
           D:2 |       0 |      71 |   0.0 |       0 |      20 |   0.0 |   415
               +---------+---------+-------+---------+---------+-------+---------
